 Dungeon Crawl Stone Soup version 0.22.1-1-ga44c0e56f4 (webtiles) character file.

412 Jynx the Changer (level 6, -5/47 HPs)
             Began as a Draconian Transmuter on Oct 22, 2018.
             Shot with an arrow by a centaur (9 damage)
             ... on level 5 of the Dungeon.
             The game lasted 00:08:15 (5289 turns).

Jynx the Changer (Draconian Transmuter)             Turns: 5289, Time: 00:08:17

Health: -5/47      AC:  6    Str: 12    XL:     6   Next: 59%
Magic:  8/9        EV: 12    Int: 14    God:
Gold:   223        SH:  0    Dex: 13    Spells: 3/9 levels left

rFire    . . .     SeeInvis .     - Unarmed
rCold    . . .     Gourm    .   (no shield)
rNeg     . . .     Faith    .   (armour unavailable)
rPois    .         Spirit   .   (helmet restricted)
rElec    .         Reflect  .   (no cloak)
rCorr    .         Harm     .   (no gloves)
MR       .....                  (no boots)
Stlth    +.........             (no amulet)
HPRegen  0.15/turn              (no ring)
MPRegen  0.11/turn              (no ring)

@: no status effects
A: unfitting armour, cold-blooded, AC +6
a: no special abilities


You were on level 5 of the Dungeon.
You were not hungry.

You visited 1 branch of the dungeon, and saw 5 of its levels.

You collected 223 gold pieces.

Inventory:

Missiles
 a - 41 arrows
Wands
 r - a wand of acid (9)
Scrolls
 e - 2 scrolls of enchant weapon
 f - a scroll of magic mapping {unknown}
 g - a scroll of random uselessness {unknown}
 h - 2 scrolls of identify
 i - a scroll of remove curse {unknown}
 k - 2 scrolls of blinking {unknown}
 m - a scroll of immolation {unknown}
 n - a scroll of enchant armour {unknown}
 q - 2 scrolls of noise {unknown}
Potions
 b - 3 potions of curing
 d - a potion of ambrosia {unknown}
 j - a potion of haste {unknown}
 l - a potion of magic {unknown}
 o - a potion of agility {unknown}
 p - a potion of brilliance {unknown}
Comestibles
 c - 10 rations


   Skills:
 - Level 1.1 Fighting
 - Level 1.7 Dodging
 - Level 3.0 Unarmed Combat
 + Level 2.1 Spellcasting
 + Level 7.1 Transmutations


You had 3 spell levels left.
You knew the following spells:

 Your Spells              Type           Power        Failure   Level  Hunger
a - Beastly Appendage     Tmut           ###...       1%          1    ##.....
b - Sticks to Snakes      Tmut           ###.....     1%          2    ###....
c - Spider Form           Tmut/Pois      ##........   16%         3    ####...

Your spell library contained the following spells:

 Spells                   Type           Power        Failure   Level  Hunger
 Blade Hands              Tmut           ###.......   34%         5    ######.
 Ice Form                 Ice/Tmut       ##......     47%         4    #####..


Dungeon Overview and Level Annotations

Branches:
Dungeon (5/15)
 Temple: D:4-7

Altars:
Ashenzari
Fedhas
Nemelex Xobeh
Sif Muna
Trog


Innate Abilities, Weirdness & Mutations

Your plain brown scales are hard. (AC +6)
You cannot fit into any form of body armour.
You are cold-blooded and may be slowed by cold attacks.


Message History

The centaur is heavily wounded.
The centaur completely misses you.
You barely miss the centaur.
The centaur is heavily wounded.
The centaur hits you. x2
You hit the centaur.
The centaur is severely wounded.
The centaur hits you.
* * * LOW HITPOINT WARNING * * *
You hit the centaur.
The centaur is almost dead.
The centaur closely misses you.
You swap places.
The centaur wields an uncursed shortbow.
The centaur shoots an arrow.
The arrow closely misses your adder. The arrow hits you!
* * * LOW HITPOINT WARNING * * *
Your adder bites the centaur.
The centaur shoots an arrow.
The arrow barely misses your adder. The arrow hits you!
You die...

##########
#........########>..
#####.######((S@ScsW.#
#.....# #########.#
#.##### ##...##
#.....# #.>...##
.......# .#...#.#
.##.##.# ....5.


You could see a phantom, a centaur, a giant cockroach, a friendly adder and a
friendly ball python.

Vanquished Creatures
  An ogre (D:4)
  A howler monkey (D:4)
  An orc wizard (D:3)
  An iguana (D:4)
  A worker ant (D:5)
  A hound skeleton (D:4)
  2 gnolls
  5 adders
  A howler monkey skeleton (D:4)
  A worm (D:2)
  4 dart slugs (D:1)
  4 leopard geckos
  4 orcs
  10 bats
  5 giant cockroaches
  9 goblins
  9 hobgoblins
  3 jackals (D:2)
  A ball python (D:2)
  6 frilled lizards
  6 kobolds
  6 rats
82 creatures vanquished.

Vanquished Creatures (collateral kills)
  A centaur skeleton (D:4)
  2 gnolls (D:3)
  An adder (D:2)
  An orc (D:3)
  A frilled lizard (D:2)
  A kobold (D:2)
7 creatures vanquished.

Grand Total: 89 creatures vanquished

Notes
Turn   | Place    | Note
-------+----------+-------------------------------------------
     0 | D:1      | Jynx the Draconian Transmuter began the quest for the Orb.
     0 | D:1      | Reached XP level 1. HP: 16/16 MP: 3/3
    78 | D:1      | Reached XP level 2. HP: 12/23 MP: 3/5
   444 | D:1      | Reached skill level 3 in Transmutations
   864 | D:1      | Reached XP level 3. HP: 24/28 MP: 6/6
  1279 | D:2      | Reached skill level 4 in Transmutations
  1360 | D:2      | Learned a level 2 spell: Sticks to Snakes
  1364 | D:2      | Learned a level 3 spell: Spider Form
  1735 | D:2      | Reached XP level 4. HP: 33/35 MP: 7/7
  2155 | D:3      | Reached skill level 5 in Transmutations
  2596 | D:3      | Reached XP level 5. HP: 27/40 MP: 6/8
  2947 | D:3      | Found a shattered altar of Ashenzari.
  3139 | D:3      | Found a sparkling altar of Nemelex Xobeh.
  3970 | D:4      | Reached skill level 6 in Transmutations
  4369 | D:4      | Found a deep blue altar of Sif Muna.
  4369 | D:4      | Found a blossoming altar of Fedhas.
  4539 | D:4      | Found a bloodstained altar of Trog.
  4618 | D:4      | Reached XP level 6. HP: 47/47 MP: 5/9
  4656 | D:4      | Found a bloodstained altar of Trog.
  4884 | D:4      | Reached skill level 7 in Transmutations
  5102 | D:5      | Entered Level 5 of the Dungeon
  5289 | D:5      | Shot with an arrow by a centaur

Skill      XL: |  1  2  3  4  5  6 |
---------------+-------------------+-----
Transmutations | 3 4 5 6 7 |  7.1
Fighting       | |  1.1
Dodging        | |  1.7
Unarmed Combat | |  3.0
Spellcasting   | |  2.1

Action                   |  1- 3 |  4- 6 || total
-------------------------+-------+-------++-------
Melee: Unarmed           |   157 |   232 ||   389
       Tailslap          |    13 |    34 ||    47
       Headbutt          |     4 |    16 ||    20
       Kick              |    11 |    20 ||    31
       Punch             |     3 |     2 ||     5
 Cast: Beastly Appendage |    19 |    25 ||    44
       Sticks to Snakes  |     1 |    13 ||    14
  Use: Scroll            |       |     3 ||     3
 Stab: Sleeping          |     3 |       ||     3
  Eat: Chunk             |     3 |    13 ||    16
Armor: Skin              |    34 |    60 ||    94
Dodge: Dodged            |   103 |   148 ||   251
